 Dungeon Crawl Stone Soup version 0.27-a0-1186-g8b4daa1eef (webtiles) character file.

Game seed: 9134592331420574220

1138 spiderkeys the Skirmisher (level 8, 0/62 (64) HPs)
             Began as a Formicid Abyssal Knight on May 19, 2021.
             Was a Believer of Lugonu.
             Slain by an orc priest
             ... wielding a +1 flail of draining
              (3 damage)
             ... on level 5 of the Dungeon on May 20, 2021.
             The game lasted 00:11:22 (5039 turns).

spiderkeys the Skirmisher (Formicid Abyssal Knight) Turns: 5039, Time: 00:11:23

HP:   0/62 (64)     AC: 13    Str: 20    XL:     8   Next: 63%
MP:   12/12         EV: 12    Int: 11    God:    Lugonu [**....]
Gold: 224           SH:  0    Dex: 10    Spells: 7/7 levels left

rFire    . . .     SeeInvis +   a - +1 spear (flame)
rCold    + . .     Faith    .   (no shield)
rNeg     . . .     Spirit   .   i - +0 chain mail
rPois    .         Reflect  .   (helmet unavailable)
rElec    .         Harm     .   p - +0 cloak
rCorr    .         Rampage  .   j - +1 pair of gloves
Will     .....                  (no boots)
Stlth    ..........             (no amulet)
HPRegen  0.20/turn              E - +4 ring of evasion
MPRegen  0.13/turn              C - ring of protection from cold

@: lightly drained
A: permanent stasis, dig shafts and tunnels, antennae 3, four strong arms
a: Dig, Shaft Self, Renounce Religion, Depart the Abyss, Bend Space


You were on level 5 of the Dungeon.
You worshipped Lugonu.
Lugonu was pleased with you.
You visited 1 branch of the dungeon, and saw 5 of its levels.
You visited the Abyss 1 time.

You collected 224 gold pieces.


Innate Abilities, Weirdness & Mutations

You cannot be hasted, slowed, berserked, paralysed or teleported.
You can dig through walls and to a lower floor.
You have a pair of large antennae on your head. (SInv)
Your four strong arms can wield two-handed weapons with a shield.


   Skills:
 + Level 6.1 Fighting
 + Level 5.1 Polearms
 + Level 5.5 Armour
 - Level 1.3 Dodging
 + Level 6.1 Invocations


You had 7 spell levels left.
You didn't know any spells.
Your spell library was empty.

Inventory:

Hand Weapons
 a - a +1 spear of flaming (weapon)
Missiles
 b - 3 atropa-tipped darts
 c - a throwing net {=f!f}
 d - 5 silver javelins
 f - 118 stones
 g - 34 arrows
 l - 3 boomerangs
 n - 19 bolts
 s - 12 sling bullets
Armour
 i - a +0 chain mail (worn)
   (You found it on level 1 of the Dungeon)
 j - a +1 pair of gloves (worn)
   (You found it on level 3 of the Dungeon)
 p - a +0 cloak (worn)
   (You found it on level 4 of the Dungeon)
Jewellery
 C - a ring of protection from cold (right hand)
   (You found it on level 4 of the Dungeon)
 E - a +4 ring of evasion (left hand)
   (You found it on level 1 of the Dungeon)
Wands
 h - a wand of paralysis (6)
   (You took it off a gnoll on level 4 of the Dungeon)
Scrolls
 r - a scroll of silence {unknown}
Potions
 e - a potion of magic {unknown}
 k - 2 potions of ambrosia {unknown}
 m - 3 potions of curing {unknown}
 o - 2 potions of mutation {unknown}
 q - a potion of brilliance {unknown}
 t - a potion of invisibility {unknown}

Dungeon Overview and Level Annotations

Branches:
Dungeon (5/15)
 Temple: D:4-7

Altars:
Dithmenos
Yredelemnul
The Shining One

Shops:
D:4

( #.......####+###.##
#....#### #......) ...
####....###########.## >...
....................#.
....#############.#.####..#.
.........########.#.# ##...
......†..#......#.#.#####..#
++.......)oo....'.).........
#......)#o@....#.#....##...
#...{...########.#....##...
#..{....# #.#....##...
#..o{..........#.#.........
#..o...{.......#.########..
#....o.........#.# #.
......$..).....#.#
....###........ ....
#........


You could see 2 orc priests and an orc wizard (invisible).


Message History

The wyvern skeleton barely misses you. The orc closely misses you.
You hit the wyvern skeleton. You burn the wyvern skeleton.
The wyvern skeleton closely misses you.
You hit the wyvern skeleton. You burn the wyvern skeleton.
The wyvern skeleton misses you. The orc hits you but does no damage.
You barely miss the wyvern skeleton.
The wyvern skeleton bites you but does no damage.
The orc closely misses you.
You hit the wyvern skeleton but do no damage.
The wyvern skeleton barely misses you. The orc hits you but does no damage.
The wyvern skeleton bites you but does no damage. 😮 HP[+1]
You hit the wyvern skeleton. You burn the wyvern skeleton.
You destroy the wyvern skeleton!
Lugonu accepts your kill. The orc hits you but does no damage.
Your Invocations skill increases to level 6!
Number of times to repeat, then command key: You must enter the number of times for the command to repeat.
Number of times to repeat, then command key: You must enter the number of times for the command to repeat.
You hit the orc. You burn the orc.
You kill the orc!
Lugonu accepts your kill.
Things that are here:
a +0 short sword; a +0 leather armour; an orc corpse An orc priest comes into view.
It is wielding a +0 club.
The orc priest shouts!
An orc wizard comes into view.
It is wielding a +1 dagger of electrocution.
The orc wizard shouts!
You hear a shout! x2
The orc wizard gestures at you while chanting.
You are confused.
An orc priest comes into view. It is wielding a +0 flail.
You hear a shout! 😮 HP[+1] You're too confused to move!
Things that are here:
a +0 short sword; a +0 leather armour; an orc corpse The orc wizard points at you and mumbles some strange words.
The magic dart hits you.
There is an open door here. 😮 HP[-6]
You take 6 damage, and now have 42/64 hp.
You feel less confused. 😮 HP[+1]
You hit the orc priest. You burn the orc priest.
The orc priest barely misses you.
You hit the orc priest. You burn the orc priest.
The orc priest calls down the wrath of Beogh upon you.
Beogh smites you! 😮 HP[-10]
You take 10 damage, and now have 33/64 hp.
You hit the orc priest but do no damage.
You barely miss the orc priest.
The orc priest barely misses you. 😮 HP[+1]
You hit the orc priest. You burn the orc priest.
The orc priest hits you but does no damage.
You closely miss the orc priest.
The orc priest shouts!
You hear a shout! x2
The orc priest calls down the wrath of Beogh upon you.
Pain shoots through your body!
* * * LOW HITPOINT WARNING * * *
An orc priest comes into view. It is wielding a +1 flail of draining.
The orc priest looks satisfied for a moment. 😨 HP[-11]
You take 11 damage, and now have 23/64 hp.
You hit the orc priest but do no damage.
The orc priest closely misses you.
You hit the orc priest. You burn the orc priest.
You kill the orc priest!
Lugonu accepts your kill.
The orc wizard gestures at you while chanting.
You are confused.
Okay, then.
Okay, then.
You bump into the rock wall.
The orc wizard hits you but does no damage. 😨 HP[+1] You're too confused to move!
The orc wizard barely misses you.
You closely miss the orc wizard.
The orc wizard casts a spell at itself.
The orc wizard flickers and vanishes for a moment. 😨 HP[+1]
You hit the orc wizard. You burn the orc wizard.
You feel less confused.
The orc wizard hits you but does no damage.
The orc priest miscasts a cantrip.
Are you sure you want to shaft yourself?
The orc wizard hits you but does no damage.
You are electrocuted!
* * * LOW HITPOINT WARNING * * *
The orc priest begins to cast a cantrip, but forgets the words!
You begin to dig a shaft.
You continue digging a shaft.
The orc wizard hits you with a +1 dagger of electrocution.
* * * LOW HITPOINT WARNING * * *
The orc priest hits you with a +1 flail of draining!
* * * LOW HITPOINT WARNING * * *
You feel drained.
You die...

Skill      XL: |  1  2  3  4  5  6  7  8 |
---------------+-------------------------+-----
Dodging        | 1 |  1.3
Invocations    | 3 4 5 6 |  6.1
Fighting       | 4 5 6 |  6.1
Armour         | 3 4 5 |  5.5
Polearms       | 3 4 5 |  5.1

Action                   |  1- 3 |  4- 6 |  7- 9 || total
-------------------------+-------+-------+-------++-------
Melee: Spear             |   166 |    96 |   215 ||   477
Invok: Depart the Abyss  |     1 |       |       ||     1
 Abil: Dig               |       |     1 |       ||     1
       Shaft Self        |       |       |     1 ||     1
  Use: Scroll            |     2 |     4 |     2 ||     8
Armor: Leather armour    |     2 |       |       ||     2
       Ring mail         |    11 |       |       ||    11
       Chain mail        |    39 |    27 |    75 ||   141
Dodge: Dodged            |    89 |    41 |    85 ||   215

Levels and vault maps discovered:
D:1:      shiori_shiawase, layout_rooms
D:2:      layout_basic
D:3:      layout_loops_corners, grunt_temple_overflow_holy_war,
          lemuel_round_altar, basic_ecumenical_altar, uniq_sigmund
D:4:      layout_loops_corners, serial_shops,
          nicolae_shop_temple_entry_statues_fountains
D:5:      layout_basic, marbit_many_paths, general_overflow_altar

Notes
Turn   | Place    | Note
-------+----------+-------------------------------------------
     0 | Abyss:1  | spiderkeys the Formicid Abyssal Knight began the quest for
                  | the Orb.
     0 | Abyss:1  | Reached XP level 1. HP: 18/18 MP: 2/2
     0 | Abyss:1  | magus.rc [v1.9.10]
    22 | Abyss:2  | Found a corrupted altar of Lugonu.
    63 | Abyss:2  | Noticed a starcursed mass
    68 | D:1      | You pass through the gate.
    68 | D:1      | Escaped the Abyss
    92 | D:1      | HP: 3/18 [kobold/+0 dagger (3)]
   432 | D:1      | Reached skill level 1 in Dodging
   459 | D:1      | Reached XP level 2. HP: 17/24 MP: 3/3
   901 | D:1      | Reached XP level 3. HP: 29/29 MP: 4/4
  1133 | D:2      | Reached * piety under Lugonu
  1508 | D:2      | Reached XP level 4. HP: 32/37 MP: 6/6
  1848 | D:3      | Reached skill level 3 in Invocations
  1939 | D:3      | Found a shadowy altar of Dithmenos.
  2184 | D:3      | Found a basalt altar of Yredelemnul.
  2192 | D:3      | Found a glowing golden altar of the Shining One.
  2234 | D:3      | Reached skill level 4 in Fighting
  2234 | D:3      | Reached skill level 3 in Armour
  2419 | D:3      | Found a faded altar of an unknown god.
  2435 | D:3      | Reached XP level 5. HP: 42/42 MP: 7/7
  2579 | D:3      | Noticed Sigmund
  2592 | D:3      | Killed Sigmund
  2593 | D:3      | Reached skill level 3 in Polearms
  2593 | D:3      | Reached skill level 4 in Invocations
  2593 | D:3      | Reached XP level 6. HP: 43/49 MP: 7/9
  3139 | D:3      | Noticed a profane servitor
  3228 | D:4      | Noticed an ogre
  3234 | D:4      | Killed an ogre
  3235 | D:4      | Reached skill level 4 in Armour
  3235 | D:4      | Reached XP level 7. HP: 37/55 MP: 10/10
  3354 | D:4      | Reached ** piety under Lugonu
  3514 | D:4      | Reached skill level 5 in Fighting
  3533 | D:4      | Reached skill level 4 in Polearms
  3730 | D:4      | Reached skill level 5 in Invocations
  4033 | D:4      | Reached XP level 8. HP: 57/63 MP: 11/11
  4054 | D:4      | Reached skill level 5 in Armour
  4396 | D:4      | Found Qeomecwo's Antique Weapon Boutique.
  4753 | D:5      | Entered Level 5 of the Dungeon
  4964 | D:5      | Reached skill level 6 in Fighting
  5000 | D:5      | Reached skill level 5 in Polearms
  5011 | D:5      | Reached skill level 6 in Invocations
  5038 | D:5      | HP: 12/64 [orc wizard/+1 dagger of electrocution (13)]
  5039 | D:5      | HP: 3/64 [orc priest/+1 flail of draining (8)]
  5039 | D:5      | Slain by an orc priest

Vanquished Creatures
  Sigmund (D:3)
  An ice beast (D:5)
  An ogre (D:4)
  A necrophage (D:4)
  A phantom (D:4)
  A bullfrog (D:4)
  A scorpion (D:4)
  A wyvern skeleton (D:5)
  A water moccasin skeleton (D:4)
  A howler monkey (D:4)
  An orc priest (D:5)
  4 hounds
  2 iguanas
  A killer bee zombie (D:5)
  A howler monkey zombie (D:3)
  3 gnolls (D:4)
  5 adders
  A white imp (D:5)
  An adder skeleton (D:5)
  A worm (D:2)
  3 dart slugs
  5 orcs
  6 ball pythons (D:1)
  8 bats
  7 endoplasms
  A giant cockroach (D:2)
  A goblin (D:3)
  3 hobgoblins
  7 jackals (D:3)
  2 quokkas (D:1)
  3 frilled lizards
  6 kobolds
  3 rats
85 creatures vanquished.

Vanquished Creatures (others)
  An adder (D:3)
1 creature vanquished.

Grand Total: 86 creatures vanquished

Table legend:
 A = Non-vault XP
 B = Vault XP
 C = Vault XP percentage of total XP
 D = Non-vault monster count
 E = Vault monster count
 F = Vault count percentage of total count
                 A         B        C        D         E       F
            +---------+---------+-------+---------+---------+-------
      Total |    1403 |     223 |  13.7 |      84 |       1 |   1.2
            +---------+---------+-------+---------+---------+-------
        D:1 |      35 |       0 |   0.0 |      23 |       0 |   0.0
        D:2 |      39 |       0 |   0.0 |      13 |       0 |   0.0
        D:3 |      97 |     223 |  69.7 |      17 |       1 |   5.6
        D:4 |     892 |       0 |   0.0 |      22 |       0 |   0.0
        D:5 |     340 |       0 |   0.0 |       9 |       0 |   0.0
            +---------+---------+-------+---------+---------+-------

Illustrated notes

Table legend:
 A = Kills in this place as a percentage of kills in entire the game.
 B = Kills by you in this place as a percentage of kills by you in the entire game.
 C = Kills by friends in this place as a percentage of kills by friends in the entire game.
 D = Other kills in this place as a percentage of other kills in the entire game.
 E = Experience gained in this place as a percentage of experience gained in the entire game.
 F = Experience gained in this place divided by the number of levels of this place that you have seen.
                   A       B       C       D       E      F
               +-------+-------+-------+-------+-------+----------------------
         Total | 100.0 | 100.0 |   N/A |   N/A | 100.0 | 232.3
       Dungeon | 100.0 | 100.0 |   N/A |   N/A | 100.0 | 325.2
               +-------+-------+-------+-------+-------+----------------------

Table legend: (Time is in decaauts)
 A = Elapsed time spent in this place.
 B = Non-inter-level travel time spent in this place.
 C = Inter-level travel time spent in this place.
 D = Time resting spent in this place.
 E = Time spent auto-exploring this place.
 F = Levels seen in this place.
 G = Mean time per level.
                   A        B        C        D        E       F      G
               +--------+--------+--------+--------+--------+-----+--------+
         Total |   5006 |   4817 |    189 |    441 |   3514 |   7 |  715.1 |
       Dungeon |   4938 |   4749 |    189 |    441 |   3514 |   5 |  987.6 |
         Abyss |     67 |     67 |      0 |      0 |      0 |   2 |   33.5 |
               +--------+--------+--------+--------+--------+-----+--------+

Top non-repeatable levels by time:
     D:4: 1571 daAuts
     D:3: 1372 daAuts
     D:1: 1048 daAuts
     D:2: 671 daAuts
     D:5: 275 daAuts
 Abyss:2: 48 daAuts
 Abyss:1: 19 daAuts
